 Dungeon Crawl Stone Soup version 0.31-a0-18-gea43df2a32 (webtiles) character file.

Game seed: 5702136700941992407

167 hadoken the Cudgeller (level 6, -2/37 (51) HPs)
             Began as a Meteoran Reaver on May 12, 2023.
             Slain by Duvessa
             ... wielding a +1 short sword of venom
              (5 damage)
             ... on level 4 of the Dungeon.
             The game lasted 00:07:49 (1686 turns).

hadoken the Cudgeller (Meteoran Reaver)             Turns: 1686, Time: 00:07:51

HP:   -2/37 (51)    AC:  4    Str: 16    XL:     6   Next: 6%
MP:   13/13         EV: 12    Int: 14    God:
Gold: 147           SH:  0    Dex: 13    Spells: 7/13 levels left

rFire   . . .        f - +2 dagger (protect)
rCold   . . .        (no shield)
rNeg    . . .        b - +0 leather armour
rPois   .            (no helmet)
rElec   .            (no cloak)
rCorr   .            j - +0 pair of gloves
SInv    +            (no boots)
Will    .....        (no amulet)
Stlth   +            c - ring of see invisible
HPRegen 0.26/turn    (no ring)
MPRegen 0.13/turn

%: no passive effects
@: lethally poisoned (-2 -> -5), weak-willed, glowing, very heavily drained
A: sense surroundings 1, otherworldly, glowing, explore regen
a: no special abilities


You were on level 4 of the Dungeon.
You visited 1 branch of the dungeon, and saw 4 of its levels.

You collected 147 gold pieces.

Inventory:

Hand Weapons
 a - a +0 mace
 f - a +2 dagger of protection (weapon)
Missiles
 k - 12 poisoned darts
Armour
 b - a +0 leather armour (worn)
 j - a +0 pair of gloves (worn)
 p - a +0 scale mail
Jewellery
 c - a ring of see invisible (left hand)
 g - an amulet of magic regeneration
 s - a +6 ring of strength
Wands
 n - a wand of flame (23)
Scrolls
 d - a scroll of identify
 e - a scroll of poison
 i - a scroll of vulnerability
Potions
 h - a potion of attraction
 l - a potion of cancellation {unknown}
 o - a potion of curing


   Skills:
 + Level 3.1 Fighting
 + Level 5.1 Maces & Flails
 + Level 3.0 Dodging
 + Level 4.0 Spellcasting
 + Level 4.5 Conjurations
 + Level 1.2 Ice Magic


You had 7 spell levels left.
You knew the following spells:

 Your Spells              Type           Power      Damage    Failure   Level
a - Kiss of Death         Conj/Necr      36%        2d8       10%         1
b - Momentum Strike       Conj/Tloc      18%        3d8       14%         2
c - Frozen Ramparts       Ice            12%        1d2       38%         3

Your spell library contained the following spells:

 Spells                   Type           Power      Damage    Failure   Level
 Freeze                   Ice            24%        1d4       14%         1
 Hailstorm                Conj/Ice       11%        3d5       22%         3
 Lesser Beckoning         Tloc           4%         N/A       34%         2
 Gell's Gravitas          Tloc           2%         N/A       56%         3
 Teleport Other           Tloc           2%         N/A       56%         3
 Borgnjor's Revivificati  Necr           1%         N/A       100%        8
 Necromutation            Tmut/Necr      1%         N/A       100%        8
 Death's Door             Necr           1%         N/A       100%        9


Dungeon Overview and Level Annotations

Branches:
Dungeon (4/15) Zot: 710
 Temple: D:4-7

Altars:

Shops:
D:3 :

Annotations:
D:4 Dowan, Duvessa


Innate Abilities, Weirdness & Mutations

You passively map a small area around you.
You are easily found by Zot.
You glow in the dark.
You regain HP and MP as you explore.


Message History

Things that are here:
a +0 dagger; an orc corpse You open the door.
Dowan, Brother of Duvessa comes into view.
He is wielding a +0 dagger and carrying a wand of flame (9).
Dowan shouts!
You hear a shout!
Duvessa, Sister of Dowan comes into view.
She is wielding a +1 short sword of venom.
There are monsters nearby!
It was a potion of curing.
You feel better.
As you read the scroll labelled HYONGA ZEVIRHOYTTU, it crumbles to dust.
It is a scroll of identify.
h - a potion of attraction
Casting: Kiss of Death (safe; 10% risk of failure)
Confirm with . or Enter, or press ? or * to list all spells.
Okay, then.
The air fills with toxic fumes!
As you read the scroll labelled QUTOICW ODISH, it crumbles to dust.
It was a scroll of poison.
Duvessa hits you with a +1 short sword of venom.
As you read the scroll labelled VUNAHE UCINOD, it crumbles to dust.
Magic quickly surges around you.
It was a scroll of vulnerability.
Duvessa hits you with a +1 short sword of venom.
As you read the scroll labelled BABRAM XUDDY, it crumbles to dust.
You feel aware of your surroundings.
It was a scroll of magic mapping.
Duvessa hits you with a +1 short sword of venom.
You are poisoned.
As you read the scroll labelled COEL PUGAZUXT, it crumbles to dust.
It is a scroll of amnesia.
Really abort (and waste the scroll)?
Okay, then.
You feel sick.
Duvessa hits you with a +1 short sword of venom!
* * * LOW HITPOINT WARNING * * *
As you read the scroll labelled FOCWIA VEDGHYDA, it crumbles to dust.
The creatures around you are filled with an inner flame!
It was a scroll of immolation.
* * * LOW HITPOINT WARNING * * *
You feel sick.
Duvessa says, "I don't care about looks, I care about technique!"
Duvessa hits you with a +1 short sword of venom.
You die...

##'########......#,,,,,**,,******
.........§§......#*******,,*,,,,*
.........§§#######,,,,,,,,,*,,,,*
..........§§§§§§.#,,,,,,,,,+,,,,*
...........#§§§§.#,,,,,**,,*,,,,*
#####...)..#§§§§##**####*,,*,,,,*
....#......#§§§§##,§§§§#*,,*,,,,*
...>#......+§§§§§#§§§§§#,,,*,,,,*
##'##......#§§§§@ee§§§§#,,,*,,,,*
....#...†..#§§§§§#§§§§§+,,,*,,,,*
....#......#§§§§##,§§§§#*,,*,,,,*
....#......#§§§§#*,,§§§#*,,,,,,,*
###'#......#§§§§.,,,,§§#*,,,*****
...........#######,,,,§#*,,,*
................,*,,,,,§*,,,*
................,*,,,,,,*,,******
................,*,,,,,,*,,*,,,,*


You could see Duvessa (inner flame, weak-willed) and Dowan (inner flame,
weak-willed).

Vanquished Creatures
  A hound (D:4)
  A sleepcap (D:4)
  An orc wizard (D:4)
  3 adders
  A worm (D:3)
  2 dart slugs
  7 orcs (D:4)
  3 endoplasms
  2 giant cockroaches
  5 goblins
  6 hobgoblins
  6 ball pythons
  2 bats (D:1)
  A frilled lizard (D:1)
  5 kobolds
  3 rats
49 creatures vanquished.

Notes
Turn   | Place    | Note
-------+----------+-------------------------------------------
     0 | D:1      | hadoken the Meteoran Reaver began the quest for the Orb.
     0 | D:1      | Reached XP level 1. HP: 17/17 MP: 5/5
    76 | D:1      | Reached XP level 2. HP: 21/23 MP: 6/6
    91 | D:1      | Learned a level 2 spell: Momentum Strike
   496 | D:1      | Glimpsed the power of Zot.
   546 | D:1      | Glimpsed the power of Zot.
   710 | D:2      | Reached XP level 3. HP: 30/30 MP: 8/8
   898 | D:3      | Reached XP level 4. HP: 36/37 MP: 10/10
   957 | D:3      | Learned a level 3 spell: Frozen Ramparts
  1099 | D:3      | Found Cifea's Book Shoppe.
  1298 | D:4      | Reached XP level 5. HP: 42/44 MP: 11/11
  1401 | D:4      | Reached skill level 1 in Ice Magic
  1501 | D:4      | Reached skill level 5 in Maces & Flails
  1653 | D:4      | Reached XP level 6. HP: 35/44 MP: 13/13
  1679 | D:4      | Noticed Dowan
  1679 | D:4      | Noticed Duvessa
  1686 | D:4      | Slain by Duvessa

Illustrated notes

Levels and vault maps discovered:
D:1:      dpeg_arrival_pond, layout_loops_ring, minmay_tree_intersection
D:2:      layout_basic, basic_altar, minmay_tetromino_o2
D:3:      layout_rooms, serial_shops, shop, st_stairs_14, minmay_strange_pillars
D:4:      layout_gridville, uniq_duvessa

Skill      XL: |  1  2  3  4  5 |
---------------+----------------+-----
Spellcasting   | 3 4 |  4.0
Conjurations   | 4 |  4.5
Fighting       | 3 |  3.1
Ice Magic      | 1 |  1.2
Maces & Flails | 5 |  5.1
Dodging        | 3 |  3.0

Action                     |  1- 3 |  4- 6 || total
---------------------------+-------+-------++-------
  Melee: Mace              |    23 |       ||    23
         Dagger            |    68 |   103 ||   171
         Punch             |     1 |       ||     1
   Cast: Kiss of Death     |     1 |     3 ||     4
         Momentum Strike   |     5 |     5 ||    10
         Frozen Ramparts   |       |     1 ||     1
    Use: Scroll            |       |     6 ||     6
         Potion            |       |     1 ||     1
 Armour: Leather armour    |    50 |    42 ||    92
  Dodge: Dodged            |    44 |    55 ||    99

Table legend: (Time is in decaauts)
 A = Elapsed time spent in this place.
 B = Non-inter-level travel time spent in this place.
 C = Inter-level travel time spent in this place.
 D = Time resting spent in this place.
 E = Time spent auto-exploring this place.
 F = Levels seen in this place.
 G = Mean time per level.
                   A        B        C        D        E       F      G
               +--------+--------+--------+--------+--------+-----+--------+
         Total |   1688 |   1639 |     49 |     63 |   1134 |   4 |  422.0 |
       Dungeon |   1688 |   1639 |     49 |     63 |   1134 |   4 |  422.0 |
               +--------+--------+--------+--------+--------+-----+--------+

Top non-repeatable levels by time:
     D:1: 569 daAuts
     D:4: 495 daAuts
     D:3: 381 daAuts
     D:2: 241 daAuts
